 Dungeon Crawl Stone Soup version 0.19.0-2-gae57169 (webtiles) character file.

508 dysrexia the Chiller (level 7, -3/36 HPs)
             Began as a Kobold Ice Elementalist on Nov 5, 2016.
             Was a Follower of Ru.
             Killed from afar by an orc wizard (7 damage)
             ... with a magic dart
             ... on level 5 of the Dungeon.
             The game lasted 00:27:19 (4620 turns).

dysrexia the Chiller (Kobold Ice Elementalist)      Turns: 4620, Time: 00:27:20

Health: -3/36      AC: 11    Str:  6    XL:     7   Next: 42%
Magic:  7/11       EV: 14    Int: 16    God:    Ru [*.....]
Gold:   178        SH:  0    Dex: 17    Spells: 3 memorised, 6 levels left

rFire  . . .     SeeInvis .     z - +0 short sword
rCold  . . .     Gourm    .     s - +0 leather armour
rNeg   . . .     Faith    .     (shield restricted)
rPois  .         Spirit   .     u - +0 helmet
rElec  .         Reflect  .     (no cloak)
rCorr  .         Harm     .     (no gloves)
MR     .....                    t - +0 pair of boots
Stlth  +++.......               (no amulet)
                                (no ring)
                                (no ring)

@: icy armour, no potions, very slightly contaminated, slow
A: carnivore 3, inability to drink while threatened
a: Renounce Religion


You were on level 5 of the Dungeon.
You worshipped Ru.
Ru was aware of your devotion.
You were completely stuffed.

You visited 1 branch of the dungeon, and saw 5 of its levels.
You also visited: Ossuary.

You collected 178 gold pieces.

Inventory:

Hand Weapons
 g - a +0 hand axe
 l - a +0 hunting sling
 z - a +0 short sword (weapon)
Missiles
 d - 5 needles of paralysis
 q - 44 stones (quivered)
 y - 8 poisoned needles
Armour
 a - a +0 robe
 s - a +0 leather armour (worn)
 t - a +0 pair of boots (worn)
 u - a +0 helmet (worn)
 A - a +0 ring mail
 F - a cursed +0 buckler
Jewellery
 j - an uncursed amulet of the gourmand {unknown}
 n - an uncursed amulet of the gourmand {unknown}
 o - an uncursed ring of protection from magic {unknown}
 C - an uncursed ring of resist corrosion {unknown}
Scrolls
 e - a scroll of identify
 H - a scroll of remove curse
Potions
 f - a potion of might
 h - 2 potions of ambrosia
 i - 3 potions of flight {unknown}
 k - a potion of degeneration {unknown}
 m - 3 potions of lignification {unknown}
 p - a potion of heal wounds {unknown}
 r - a potion of mutation {unknown}
 v - 2 potions of cancellation {unknown}
 w - 2 potions of curing {unknown}
 E - 2 potions of berserk rage {unknown}
Books
 b - a book of Frost

   Spells                             Type                      Level
   a - Freeze                         Ice                          1
   b - Throw Frost                    Conjuration/Ice              2
   c - Ozocubu's Armour               Charms/Ice                   3
   d - Throw Icicle                   Conjuration/Ice              4
   e - Summon Ice Beast               Ice/Summoning                4
 x - a book of Necromancy

   Spells                             Type                      Level
   a - Pain                           Necromancy                   1
   b - Animate Skeleton               Necromancy                   1
   c - Vampiric Draining              Necromancy                   3
   d - Regeneration                   Charms/Necromancy            3
   e - Animate Dead                   Necromancy                   4
   f - Control Undead                 Necromancy                   4
 D - a book of Cantrips

   Spells                             Type                      Level
   a - Confusing Touch                Hexes                        1
   b - Animate Skeleton               Necromancy                   1
   c - Summon Small Mammal            Summoning                    1
   d - Apportation                    Translocation                1
Comestibles
 c - 3 meat rations
 G - a beef jerky
 I - 2 chunks of flesh


   Skills:
 * Level 3.7 Short Blades
 - Level 1.2 Slings
 - Level 2.4 Dodging
 + Level 5.1 Stealth
 - Level 3.1 Spellcasting
 - Level 1.0 Conjurations
 + Level 1.4 Charms
 * Level 5.5 Ice Magic


You had 6 spell levels left.
You knew the following spells:

 Your Spells              Type           Power        Failure   Level  Hunger
a - Freeze                Ice            ###.         3%          1    None
b - Throw Frost           Conj/Ice       ##....       12%         2    ##.....
c - Ozocubu's Armour      Chrm/Ice       ##......     24%         3    ###....


Dungeon Overview and Level Annotations

Branches:
Dungeon (5/15)
 Temple: D:4-7

Altars:
Ashenzari
Makhleb
Ru
Xom

Annotations:
D:1 exclusion: downstairs
D:2 Sigmund
D:3 1 runed door


Innate Abilities, Weirdness & Mutations

You are small and have problems with some larger weapons.
You are carnivorous and can eat meat at any time.
You cannot drink potions while threatened.


Message History

Press: ? - help, Shift-Dir - straight line, f - orc
Aim: an orc, wielding a whip and wearing a ring mail (moderately wounded)
You freeze the orc.
The orc is severely wounded.
The orc wizard points at you and mumbles some strange words.
The magic dart hits you! The orc hits you but does no damage.
The orc wizard hits you with a dagger.
The orc priest calls down the wrath of Beogh upon you.
Beogh smites you!
You feel threatened and lose the ability to drink potions!
* * * LOW HITPOINT WARNING * * *
Blink to where?
Press: ? - help, Dir - move target cursor, p - orc
As you read the scroll of blinking, it crumbles to dust.
The orc wizard casts a spell.
You can drink potions again.
The orc wizard casts a spell at you. The magic dart hits you!
You feel threatened and lose the ability to drink potions!
You die...

### #.# #.# #########.# #.#
#.......... #.#
#...........#####.###########
#<.######.#.....@............
..........###########o######
...#####.. #.# ...# #.# ...#
#.# ...### #.# .....# #o#
..##.# # ##o# ..##.# #.##%.#


You could see an orc wizard.

Vanquished Creatures
  Grinder (D:4)
  2 crimson imps
  A centaur skeleton (D:4)
  Jessica (D:2)
  2 worker ants (D:4)
  Robin (D:2)
  6 adders
  2 oozes
  An adder skeleton (D:4)
  5 worms
  2 dart slugs (D:2)
  A leopard gecko (D:4)
  2 orcs
  2 giant cockroaches (D:3)
  12 hobgoblins
  3 jackals (D:3)
  A quokka (D:3)
  10 bats
  A frilled lizard (D:3)
  14 goblins
  A jackal zombie (D:5)
  4 kobolds
  A quokka skeleton (D:5)
  2 rats (D:2)
78 creatures vanquished.

Vanquished Creatures (others)
  A kobold zombie (Ossuary)
1 creature vanquished.

Grand Total: 79 creatures vanquished

Notes
Turn   | Place    | Note
-------+----------+-------------------------------------------
     0 | D:1      | dysrexia the Kobold Ice Elementalist began the quest for the Orb.
     0 | D:1      | Reached XP level 1. HP: 10/10 MP: 3/3
   783 | D:1      | Reached XP level 2. HP: 15/15 MP: 3/5
  1000 | D:2      | Noticed Sigmund
  1128 | D:2      | Learned a level 2 spell: Throw Frost
  1242 | D:2      | Reached XP level 3. HP: 14/19 MP: 3/6
  1423 | D:2      | Found a sacrificial altar of Ru.
  1424 | D:2      | Noticed Jessica
  1429 | D:2      | Killed Jessica
  1429 | D:2      | Reached XP level 4. HP: 16/24 MP: 3/8
  1440 | D:2      | Became a worshipper of Ru the Awakened
  1883 | D:2      | Noticed Robin
  1913 | D:2      | Reached XP level 5. HP: 28/28 MP: 7/9
  1961 | D:2      | Killed Robin
  2100 | D:2      | Learned a level 3 spell: Ozocubu's Armour
  2637 | D:3      | Found a burning altar of Makhleb.
  2638 | D:3      | Found a shimmering altar of Xom.
  2641 | D:3      | Reached skill level 1 in Slings
  2719 | D:3      | Gained mutation: You cannot drink potions while threatened. [Ru sacrifice]
  2719 | D:3      | Reached * piety under Ru
  2897 | D:3      | Reached XP level 6. HP: 32/32 MP: 10/10
  3245 | D:3      | Found a runed door.
  3553 | D:4      | Reached skill level 1 in Short Blades
  3746 | D:4      | Reached skill level 1 in Charms
  3746 | D:4      | Reached skill level 5 in Ice Magic
  3908 | D:4      | Found a sand-covered staircase.
  3923 | Ossuary  | Entered an ossuary
  3923 | Ossuary  | Noticed a wraith
  3923 | Ossuary  | Noticed a wraith
  3923 | Ossuary  | Noticed a wraith
  3949 | Ossuary  | Noticed xeno23's ghost (novice DEFE)
  4111 | D:4      | Noticed Grinder
  4119 | D:4      | Paralysed by Grinder for 6 turns
  4133 | D:4      | Killed Grinder
  4133 | D:4      | Reached XP level 7. HP: 25/36 MP: 11/11
  4327 | D:4      | Reached skill level 5 in Stealth
  4519 | D:5      | Entered Level 5 of the Dungeon
  4543 | D:5      | Found a shattered altar of Ashenzari.
  4620 | D:5      | Killed from afar by an orc wizard

Skill      XL: |  1  2  3  4  5  6  7 |
---------------+----------------------+-----
Stealth        | 3 4 5 |  5.1
Ice Magic      | 4 5 |  5.5
Spellcasting   | 3 |  3.1
Slings         | 1 |  1.2
Short Blades   | 3 |  3.7
Charms         | 1 |  1.4
Dodging        | |  2.4
Conjurations   | |  1.0

Action                   |  1- 3 |  4- 6 |  7- 9 || total
-------------------------+-------+-------+-------++-------
Melee: Unarmed           |    10 |     1 |       ||    11
       Short sword       |       |    34 |    33 ||    67
 Fire: Hunting sling     |       |    67 |       ||    67
Throw: Stone             |       |    17 |     9 ||    26
 Cast: Freeze            |    31 |    72 |    10 ||   113
       Ozocubu's Armour  |       |       |     1 ||     1
Invok: Sacrifice Drink   |       |     1 |       ||     1
  Use: Scroll            |       |     7 |     1 ||     8
 Stab: Sleeping          |       |     3 |     2 ||     5
       Paralysed         |       |     3 |       ||     3
       Distracted        |       |       |     1 ||     1
  Eat: Chunk             |    10 |     8 |     2 ||    20
Armor: Robe              |     2 |     6 |       ||     8
       Leather armour    |       |    13 |     9 ||    22
Dodge: Dodged            |    28 |    58 |    24 ||   110
